 Dungeon Crawl Stone Soup version 0.30-a0-883-g5ad918d77d (webtiles) character file.

Game seed: 14721716026968146517

9 Pimp the Magician (level 2, -1/19 HPs)
             Began as a Formicid Wanderer on Mar 16, 2023.
             Slain by a worm (8 damage)
             ... on level 2 of the Dungeon.
             The game lasted 00:01:20 (904 turns).

Pimp the Magician (Formicid Wanderer)                Turns: 904, Time: 00:01:21

Health: -1/19      AC:  4    Str: 15    XL:     2   Next: 25%
Magic:  7/7        EV: 11    Int: 14    God:
Gold:   37         SH:  0    Dex: 11    Spells: 7/9 levels left

rFire   . . .      SeeInvis +    a - +0 club
rCold   . . .      Faith    .    (no shield)
rNeg    . . .      Spirit   .    c - +1 leather armour
rPois   .          Reflect  .    (helmet unavailable)
rElec   .          Rampage  .    (no cloak)
rCorr   .                        (no gloves)
Will    .....                    (no boots)
Stlth   +                        (no amulet)
HPRegen 0.23/turn                (no ring)
MPRegen 0.10/turn                (no ring)

@: no status effects
A: permanent stasis, dig shafts and tunnels, antennae 3, four strong arms
a: Dig, Shaft Self


You were on level 2 of the Dungeon.
You visited 1 branch of the dungeon, and saw 2 of its levels.

You collected 37 gold pieces.

Inventory:

Hand Weapons
 a - a +0 club (weapon)
Armour
 c - a +1 leather armour (worn)
Scrolls
 b - a scroll of fear
 i - a scroll of magic mapping {unknown}
 j - a scroll of teleportation {unknown}
 k - a scroll of blinking {unknown}
 l - a scroll of brand weapon {unknown}
 n - a scroll of noise {unknown}
Potions
 e - a potion of flight {unknown}
 f - a potion of magic {unknown}
 g - 3 potions of heal wounds {unknown}
 m - a potion of curing {unknown}
Miscellaneous
 d - a piece from Xom's chessboard (15/15) (quivered)


   Skills:
 + Level 0.3 Fighting
 + Level 1.1 Throwing
 + Level 1.4 Armour
 + Level 0.2 Dodging
 + Level 4.4 Spellcasting
 + Level 1.1 Conjurations
 + Level 1.2 Invocations
 + Level 1.3 Evocations


You had 7 spell levels left.
You knew the following spells:

 Your Spells              Type           Power      Damage    Failure   Level
a - Slow                  Hex            12%        N/A       22%         1
b - Shock                 Conj/Air       16%        1d4       19%         1

Your spell library contained the following spells:

 Spells                   Type           Power      Damage    Failure   Level
 Magic Dart               Conj           24%        1d4       14%         1
 Momentum Strike          Conj/Tloc      8%         3d8       28%         2
 Cigotuvi's Dreadful Rot  Necr/Pois/Air  6%         N/A       34%         2
 Dazzling Flash           Conj/Hex       8%         N/A       50%         3
 Inner Flame              Hex/Fire       3%         N/A       56%         3
 Dispel Undead            Necr           3%         3d7       92%         4
 Death Channel            Necr           1%         N/A       100%        6


Dungeon Overview and Level Annotations

Branches:
Dungeon (2/15)

Altars:


Innate Abilities, Weirdness & Mutations

You cannot be hasted, slowed, berserked, paralysed or teleported.
You can dig through walls and to a lower floor.
You have a pair of large antennae on your head. (SInv)
Your four strong arms can wield two-handed weapons with a shield.


Message History

The giant cockroach is heavily wounded.
The giant cockroach bites you. x2
You hit the giant cockroach.
The giant cockroach is almost dead.
The giant cockroach barely misses you.
You hit the giant cockroach but do no damage.
The giant cockroach is almost dead.
The giant cockroach bites you. The giant cockroach misses you.
You hit the giant cockroach.
You kill the giant cockroach!
n - a scroll labelled BEESTY PUINAIH Done exploring.
Done exploring.
Done exploring.
There is a stone staircase leading down here.
You climb downwards.
There is a stone staircase leading up here.
A worm, a kobold and a bat come into view.
A dart slug comes into view.
The bat hits you.
As you read the scroll labelled HONU URRISOA, it crumbles to dust.
It is a scroll of enchant armour.
Your +0 leather armour glows green for a moment.
The bat misses you. The worm bites you.
You hit the worm.
The worm is lightly wounded.
The bat hits you but does no damage. The worm closely misses you.
You hit the worm.
The worm is moderately wounded.
The bat misses you.
You completely miss the worm.
The worm is moderately wounded.
The bat hits you. The bat closely misses you. The bat hits you.
The worm bites you.
You hit the worm but do no damage.
The worm is moderately wounded.
The bat hits you but does no damage. x2
The dart slug launches a dart at you. The slug dart misses you.
The worm bites you!
You die...

#.# ####.#
##....## {
##..#...##
##..##....##
##....##..<.# {
##..##..##....#
##bK##
...##...+ #w@##
##{.##..# #.w##
#{.#### #..#
#K.# #..# { {{
#.. ##. #


You could see a worm, a dart slug, a bat and a kobold.

Vanquished Creatures
  A ball python (D:1)
  An endoplasm (D:1)
  A giant cockroach (D:1)
  A hobgoblin (D:1)
  2 bats (D:1)
  A frilled lizard (D:1)
  2 rats (D:1)
9 creatures vanquished.

Notes
Turn   | Place    | Note
-------+----------+-------------------------------------------
     0 | D:1      | Pimp the Formicid Wanderer began the quest for the Orb.
     0 | D:1      | Pimp set off with the following items: a +0 club, a scroll
                  | of fear, a +0 leather armour, a piece from Xom's chessboard
                  | (15/15); and the following spells available to memorise:
                  | Magic Dart, Shock, Slow, Momentum Strike, Dazzling Flash,
                  | Inner Flame.
     0 | D:1      | Reached XP level 1. HP: 13/13 MP: 5/5
   217 | D:1      | Learned a level 1 spell: Slow
   219 | D:1      | Learned a level 1 spell: Shock
   351 | D:1      | Reached XP level 2. HP: 16/19 MP: 7/7
   904 | D:2      | Slain by a worm

Illustrated notes

Levels and vault maps discovered:
D:1:      matt_arrival_grand_opening, layout_basic, minmay_split_cup_large
D:2:      minmay_alternating_diamond, layout_loops_corners,
          chequers_ecumenical_altar_twisty, serial_bayou_lake_a

Action                     || total
---------------------------++-------
  Melee: Club              ||    34
    Use: Scroll            ||     1
 Armour: Leather armour    ||    21
  Dodge: Dodged            ||    25

Table legend: (Time is in decaauts)
 A = Elapsed time spent in this place.
 B = Non-inter-level travel time spent in this place.
 C = Inter-level travel time spent in this place.
 D = Time resting spent in this place.
 E = Time spent auto-exploring this place.
 F = Levels seen in this place.
 G = Mean time per level.
                   A        B        C        D        E       F      G
               +--------+--------+--------+--------+--------+-----+--------+
         Total |    913 |    887 |     26 |    113 |    658 |   2 |  456.5 |
       Dungeon |    913 |    887 |     26 |    113 |    658 |   2 |  456.5 |
               +--------+--------+--------+--------+--------+-----+--------+

Top non-repeatable levels by time:
     D:1: 895 daAuts
     D:2: 18 daAuts
